 Dungeon Crawl Stone Soup version 0.20.0-8-g6b59dc7 (webtiles) character file.

25 bobbobbob the Sneak (level 2, -2/13 HPs)
             Began as a Spriggan Enchanter on May 31, 2017.
             Slain by a gnoll
             ... wielding a +0 club
              (5 damage)
             ... on level 2 of the Dungeon.
             The game lasted 00:03:10 (947 turns).

bobbobbob the Sneak (Spriggan Enchanter)             Turns: 947, Time: 00:03:10

Health: -2/13      AC:  2    Str:  4    XL:     2   Next: 86%
Magic:  2/7        EV: 18    Int: 16    God:
Gold:   20         SH:  0    Dex: 16    Spells: 6/7 levels left

rFire    . . .     SeeInvis +   a - +1 dagger
rCold    . . .     Gourm    .   (shield restricted)
rNeg     . . .     Faith    .   b - +0 robe
rPois    .         Spirit   .   (helmet restricted)
rElec    .         Reflect  .   (no cloak)
rCorr    .         Harm     .   (gloves unavailable)
MR       .....                  (boots unavailable)
Stlth    +++.......             (no amulet)
Regen    0.1/turn               (no ring)
MPRegen  0.1/turn               (no ring)

@: very quick
A: unfitting armour, see invisible, herbivore 3, speed 3, slow metabolism 2
a: no special abilities


You were on level 2 of the Dungeon.
You were not hungry.

You visited 1 branch of the dungeon, and saw 2 of its levels.

You collected 20 gold pieces.

Inventory:

Hand Weapons
 a - a +1 dagger (weapon)
Armour
 b - a +0 robe (worn)
Jewellery
 j - a +4 ring of slaying {unknown}
 n - an uncursed ring of poison resistance {unknown}
Scrolls
 f - 3 scrolls of teleportation {unknown}
 h - a scroll of recharging {unknown}
 l - a scroll of amnesia {unknown}
Potions
 e - a potion of invisibility {unknown}
 g - a potion of heal wounds {unknown}
 i - a potion of cancellation {unknown}
 k - a potion of resistance {unknown}
 m - a potion of agility {unknown}
Books
 c - a book of Maledictions

   Spells                             Type                      Level
   a - Corona                         Hexes                        1
   b - Ensorcelled Hibernation        Hexes/Ice                    2
   c - Confuse                        Hexes                        3
   d - Tukima's Dance                 Hexes                        3
   e - Dazzling Spray                 Conjuration/Hexes            3
Comestibles
 d - a bread ration


   Skills:
 + Level 1.3 Short Blades
 + Level 3.3 Dodging
 + Level 4.8 Stealth
 + Level 3.2 Spellcasting
 + Level 4.1 Hexes


You had 6 spell levels left.
You knew the following spells:

 Your Spells              Type           Power        Failure   Level  Hunger
a - Corona                Hex            ###....      3%          1    None


Dungeon Overview and Level Annotations

Branches:
Dungeon (2/15)

Altars:


Innate Abilities, Weirdness & Mutations

You are very small and have problems with some larger weapons.
You are too small for most types of armour.
You have supernaturally acute eyesight. (SInv)
You are a herbivore.
You cover ground extremely quickly.
You need consume almost no food.


Message History

Aim: a gnoll (lightly wounded, chance to defeat MR: 61%)
The gnoll is outlined in light.
The gnoll hits you.
You barely miss the gnoll.
The gnoll is lightly wounded.
The gnoll closely misses you. The gnoll hits you.
* * * LOW HITPOINT WARNING * * *
You hit the gnoll.
The gnoll is moderately wounded.
The gnoll misses you.
The gnoll stops glowing.
Casting: Corona
Confirm with . or Enter, or press ? or * to list all spells.
Aiming: Corona
Press: ? - help, Shift-Dir - straight line, f/p - gnoll
Aim: a gnoll (moderately wounded, softly glowing, chance to defeat MR: 61%)
The gnoll is outlined in light.
The gnoll completely misses you.
You hit the gnoll.
The gnoll is lightly wounded.
The gnoll stops glowing.
The gnoll hits you with a club.
You die...

#........# #..<.....#
#...#....#
..######.## .#.#
........## ..
..###.#..# ##
#.....#.# #.#.####.#
#@#......# #g########
#g######## .
#g.......#####..
..###..####.........
.....................
...#.#...............
. #.##.##..#.###.#. #
#.....#.#


You could see 3 gnolls.

Vanquished Creatures
  A gnoll (D:2)
  A dart slug (D:1)
  3 bats (D:1)
  4 frilled lizards (D:1)
  2 goblins (D:1)
  4 kobolds (D:1)
  5 rats (D:1)
20 creatures vanquished.

Notes
Turn   | Place    | Note
-------+----------+-------------------------------------------
     0 | D:1      | bobbobbob the Spriggan Enchanter began the quest for the Orb.
     0 | D:1      | Reached XP level 1. HP: 9/9 MP: 5/5
     6 | D:1      | Noticed a swamp drake
     6 | D:1      | Noticed a black bear
     6 | D:1      | Noticed a lindwurm
     7 | D:1      | Noticed a water moccasin
   355 | D:1      | Reached XP level 2. HP: 13/13 MP: 5/7
   947 | D:2      | Slain by a gnoll

Skill      XL: |  1  2 |
---------------+-------+-----
Spellcasting   | 3 |  3.2
Hexes          | 4 |  4.1
Short Blades   | |  1.3
Dodging        | |  3.3
Stealth        | |  4.8

Action                   || total
-------------------------++-------
Melee: Dagger            ||    65
 Cast: Corona            ||    19
 Stab: Sleeping          ||     7
Armor: Robe              ||     8
Dodge: Dodged            ||    62
